 Dungeon Crawl Stone Soup version 0.22-a0-425-g89d60a1 (webtiles) character file.

197387 emperorscorpion the Warrior (level 17, -3/158 HPs)
             Began as a Red Draconian Berserker on May 24, 2018.
             Was a High Priest of Trog.
             Shot with a sling bullet by a satyr (30 damage)
             ... on level 3 of the Shoals on May 25, 2018.
             The game lasted 01:33:32 (35327 turns).

emperorscorpion the Warrior (DrBe)                 Turns: 35327, Time: 01:33:33

Health: -3/158     AC: 15    Str: 21    XL:     17   Next: 77%
Magic:  18/18      EV: 30    Int: 11    God:    Trog [*****.]
Gold:   1678       SH: 17    Dex: 23    Spells: 16/16 levels left

rFire    + + .     SeeInvis .   C - +7 falchion (vamp)
rCold    + . .     Gourm    .   v - +2 shield of Resistance {rF+ rC+ MR+}
rNeg     + . .     Faith    .   (armour unavailable)
rPois    .         Spirit   .   N - +2 hat {MR+}
rElec    +         Reflect  .   o - +0 cloak
rCorr    .         Harm     .   D - +1 pair of gloves
MR       +++..                  M - +0 pair of boots of Lifelessness {rElec Regen+ Int+4}
Stlth    +++++.....             s - amulet of Regryule {Acrobat +Blink +Fly rN+ Dex+6}
HPRegen  0.76/turn              y - +5 ring of evasion
MPRegen  0.16/turn              (no ring)

@: no status effects
A: breathe fire, unfitting armour, fire resistance 1, cold-blooded, AC +9
}: 1/15 runes: gossamer
a: Breathe Fire, Berserk, Trog's Hand, Brothers in Arms, Renounce Religion,
Evoke Blink, Evoke Flight


You were on level 3 of the Shoals.
You worshipped Trog.
Trog was extremely pleased with you.
You were not hungry.

You visited 5 branches of the dungeon, and saw 30 of its levels.
You also visited: Bailey.

You collected 3225 gold pieces.
You spent 1547 gold pieces at shops.

Inventory:

Hand Weapons
 a - a +4 demon blade of flaming
 z - the +7 mace of the Mind {pain, rElec rPois rF+ Int-5}
   (You found it on level 4 of the Dungeon)

   In the hands of one skilled in necromantic magic, it inflicts extra damage on
   living creatures.
   It affects your intelligence (-5).
   It protects you from fire.
   It insulates you from electricity.
   It protects you from poison.
 C - a +7 vampiric falchion (weapon)
Missiles
 h - 7 javelins of returning (quivered)
 m - 36 tomahawks of returning
 n - 8 steel javelins
 t - a throwing net
 H - 7 javelins of penetration
 P - 5 poisoned tomahawks
Armour
 o - a +0 cloak (worn)
 v - the +2 shield of Resistance (worn) {rF+ rC+ MR+}
   (You found it on level 14 of the Dungeon)

   It protects you from fire.
   It protects you from cold.
   It affects your resistance to hostile enchantments.
 D - a +1 pair of gloves (worn)
 M - the +0 pair of boots of Lifelessness (worn) {rElec Regen+ Int+4}
   (You acquired it in a bailey)

   It affects your intelligence (+4).
   It insulates you from electricity.
   It increases your rate of regeneration.
 N - a +2 hat of magic resistance (worn)
Jewellery
 e - an uncursed amulet of faith
 s - the amulet of Regryule (around neck) {Acrobat +Blink +Fly rN+ Dex+6}
   (You bought it in a shop on level 8 of the Dungeon)

   [amulet of the acrobat]

   It helps you evade while moving and waiting.
   It affects your dexterity (+6).
   It protects you from negative energy.
   It lets you fly.
   It lets you blink.
 y - a +5 ring of evasion (left hand)
Wands
 b - a wand of polymorph (32)
 f - a wand of random effects (93)
 x - a wand of flame (46)
 A - a wand of iceblast (30)
 G - a wand of acid (6)
 O - a wand of paralysis (18)
 S - a wand of enslavement (15)
 U - a wand of disintegration (17)
Scrolls
 d - 3 scrolls of holy word
 j - 9 scrolls of remove curse
 E - 3 scrolls of fear
 F - 11 scrolls of teleportation
 J - 2 scrolls of magic mapping
 L - 2 scrolls of fog
 Q - a scroll of silence
 V - 2 scrolls of immolation
 W - 4 scrolls of blinking
 Z - a scroll of identify
Potions
 c - 7 potions of cancellation
 g - 6 potions of curing
 i - 5 potions of mutation
 l - 3 potions of might
 q - 2 potions of haste
 r - 5 potions of agility
 B - 5 potions of flight
 I - a potion of ambrosia
 K - a potion of resistance
 T - 5 potions of heal wounds
 X - 3 potions of magic
 Y - a potion of berserk rage
Miscellaneous
 p - a phial of floods
 u - a lamp of fire
 w - a fan of gales
Comestibles
 k - 21 rations
 R - 10 chunks of flesh


   Skills:
 + Level 16.0 Fighting
 - Level 14.6 Long Blades
 + Level 1.5 Maces & Flails
   Level 2.5(3.0) Slings
 - Level 2.1(2.7) Throwing
 + Level 13.9 Dodging
 + Level 9.0 Stealth
 - Level 15.0 Shields
 + Level 1.7 Unarmed Combat
 + Level 2.5 Evocations


You had 16 spell levels left.
You didn't know any spells.
Your spell library contained the following spells:

 Spells                   Type           Power        Failure   Level  Hunger
 Cause Fear               Hex            #.........   98%         4    #####..
 Magic Dart               Conj           #...         34%         1    ##.....
 Fireball                 Conj/Fire      #.........   100%        5    ######.
 Bolt of Fire             Conj/Fire      #.........   100%        6    #######
 Lightning Bolt           Conj/Air       #.........   100%        5    ######.
 Bolt of Magma            Conj/Fire/Erth #.........   100%        5    ######.
 Ring of Flames           Chrm/Fire      #.........   100%        7    #######
 Venom Bolt               Conj/Pois      #.........   100%        5    ######.
 Iskenderun's Mystic Bla  Conj           #.......     98%         4    #####..
 Regeneration             Chrm/Necr      #.........   71%         3    ####...
 Iron Shot                Conj/Erth      #.........   100%        6    #######
 Stone Arrow              Conj/Erth      #.....       71%         3    ####...
 Spider Form              Tmut/Pois      #.........   71%         3    ####...
 Blade Hands              Tmut           #.........   100%        5    ######.
 Ice Form                 Ice/Tmut       #.......     98%         4    #####..
 Deflect Missiles         Chrm/Air       #.........   100%        6    #######
 Passwall                 Tmut/Erth      #.........   47%         2    ###....
 Ignite Poison            Fire/Tmut/Pois #.......     71%         3    ####...
 Sticks to Snakes         Tmut           #.......     47%         2    ###....
 Silence                  Hex/Air        #.........   100%        5    ######.
 Shatter                  Erth           #.........   100%        9    #######
 Static Discharge         Conj/Air       #.......     71%         3    ####...
 Lee's Rapid Deconstruct  Erth           #.........   100%        5    ######.
 Sandblast                Erth           #.....       34%         1    ##.....
 Petrify                  Tmut/Erth      #.......     98%         4    #####..
 Orb of Destruction       Conj           #.........   100%        7    #######
 Tornado                  Air            #.........   100%        9    #######
 Shroud of Golubria       Chrm/Tloc      #.........   47%         2    ###....
 Beastly Appendage        Tmut           #.....       34%         1    ##.....
 Iskenderun's Battlesphe  Conj/Chrm      #.......     100%        5    ######.
 Fulminant Prism          Conj/Hex       #.........   98%         4    #####..
 Dazzling Spray           Conj/Hex       #.....       71%         3    ####...
 Force Lance              Conj/Tloc      #.......     98%         4    #####..
 Infusion                 Chrm           #...         34%         1    ##.....
 Song of Slaying          Chrm           #.......     47%         2    ###....
 Spectral Weapon          Hex/Chrm       #.......     71%         3    ####...
 Searing Ray              Conj           #.....       47%         2    ###....
 Discord                  Hex            #.........   100%        8    #######
 Spellforged Servitor     Conj/Summ      #.........   100%        7    #######
 Yara's Violent Unravell  Hex/Tmut       #.........   100%        5    ######.
 Ignition                 Fire           #.........   100%        8    #######


Dungeon Overview and Level Annotations

Branches:
Dungeon (15/15)            Temple (0/1) D:6            Lair (6/6) D:8
 Shoals (3/4) Lair:4       Spider (4/4) Lair:2        Slime (0/5) Lair:5
    Orc (2/2) D:11            Elf (0/3) Orc:2        Vaults (0/5) D:13
 Depths (0/5) D:15

Altars:
Ashenzari
Cheibriados
Dithmenos
Elyvilon
Fedhas
Gozag
Okawaru
Sif Muna
Trog
Uskayaw
Wu Jian
Xom
Zin
Beogh

Shops:
D:7 !   D:8 =   D:9 %   D:11 (   Orc:2 [(?}

Annotations:
D:14 1 runed door


Innate Abilities, Weirdness & Mutations

You can breathe blasts of fire.
Your fiery red scales are hard. (AC +9)
You cannot fit into any form of body armour.
Your flesh is heat resistant. (rF+)
You are cold-blooded and may be slowed by cold attacks.


Message History

The javelin of returning hits the satyr!
The satyr is almost dead.
The javelin of returning returns to your pack!
The satyr shoots a sling bullet.
You block the sling bullet.
Throwing (i - inventory. (/) - cycle)
h - 7 javelins of returning (quivered)
Press: ? - help, Shift-Dir - straight line, f/p - satyr
Aim: a satyr, wielding a fustibalus (almost dead)
You throw a javelin of returning.
The javelin of returning closely misses the satyr.
The javelin of returning returns to your pack!
The satyr shoots a sling bullet.
The sling bullet misses you.
The satyr shoots a sling bullet.
You block the sling bullet.
Throwing (i - inventory. (/) - cycle)
h - 7 javelins of returning (quivered)
Press: ? - help, Shift-Dir - straight line, f/p - satyr
Aim: a satyr, wielding a fustibalus (severely wounded)
You throw a javelin of returning.
The javelin of returning closely misses the satyr.
The javelin of returning returns to your pack!
The satyr shoots a sling bullet.
The sling bullet hits you!!
You die...

≈≈≈≈≈ ≈≈≈≈≈≈≈≈≈...≈≈.
..≈≈P ≈≈≈≈≈≈≈≈≈≈..≈≈.
...≈≈≈ ...≈≈...≈≈...≈.
≈P≈≈P≈ ...≈...≈≈≈..≈≈≈≈
≈≈≈≈≈≈ #.....≈≈≈≈..≈≈≈≈≈
≈≈≈≈≈≈
.......≈≈...≈≈≈≈≈≈≈≈≈≈≈≈
.c≈........≈≈≈.≈≈≈≈≈≈≈≈≈
.≈≈≈≈..@(.≈≈≈≈≈≈≈≈≈≈≈≈≈≈
≈≈≈≈≈....≈≈≈≈≈≈≈≈≈≈≈≈≈≈≈
≈≈≈≈≈..)≈≈≈≈≈≈≈≈≈≈≈≈≈≈≈≈
≈≈≈≈≈..)≈≈≈≈≈≈≈≈≈≈≈≈≈≈≈≈
≈≈≈≈≈≈...≈≈≈≈≈≈≈≈≈≈≈≈≈≈≈≈
≈≈≈≈≈....≈≈≈≈≈≈≈≈≈≈≈≈≈≈≈≈
≈≈≈.......≈≈≈≈≈≈≈≈≈≈≈≈≈≈≈
≈≈.........≈≈≈≈≈≈≈≈≈≈≈≈≈≈
≈≈≈≈≈.....≈≈≈≈≈≈≈≈≈≈≈≈≈≈≈


You could see a satyr.

Vanquished Creatures
  A kraken (Shoals:3)
  A ghost moth (Spider:4)
  2 orc warlords
  3 emperor scorpions
  3 entropy weavers
  A spark wasp (Spider:3)
  A merfolk impaler (Shoals:3)
  2 fire dragons (D:14)
  3 ice dragons
  2 vault guards (D:13)
  4 hydras
  3 centaur warriors
  A catoblepas (Lair:6)
  2 ogre magi
  6 death yaks
  13 two-headed ogres
  2 orc high priests (Orc:2)
  Urug (D:10)
  5 unseen horrors
  3 wizards
  4 sea snakes
  2 orc knights (Orc:1)
  Pikel (D:4)
  A necromancer (D:13)
  A deep elf mage (D:15)
  12 orb spiders
  4 orc sorcerers
  13 ugly things
  3 cyclopes
  14 wolf spiders
  3 fauns (Shoals:3)
  3 manticores
  3 merfolk sirens
  5 elephants (Lair:5)
  4 black mambas
  22 spiny frogs
  A torpor snail (Spider:1)
  2 water nymphs (Shoals:3)
  4 gargoyles
  An efreet (D:13)
  10 demonic crawlers
  6 komodo dragons
  6 merfolk
  5 trolls
  6 meliai
  4 polar bears (Lair:1)
  Prince Ribbit (D:5)
  15 jumping spiders
  3 tyrant leeches (Lair:6)
  A wind drake (Shoals:3)
  3 hornets
  27 blink frogs
  2 snapping turtles (Shoals:3)
  11 hippogriffs
  12 slime creatures
  A meliai zombie (D:13)
  Sigmund (D:5)
  11 water elementals
  24 humans
  4 basilisks
  A spriggan (D:11)
  22 tarantellas
  4 shadows
  78 redbacks
  A wraith (D:12)
  20 yaks
  A hungry ghost (D:14)
  2 wyverns
  The ghost of CapnJeff the Ruffian, an amateur DrTm (D:3)
  6 vampire mosquitoes
  A soldier ant (D:12)
  2 wargs
  Edmund (D:4)
  10 water moccasins
  33 orc warriors
  5 porcupines
  2 slaves (D:4)
  Duvessa (D:4)
  A necrophage (D:13)
  2 sky beasts
  4 eyes of draining
  A black bear (Lair:3)
  2 phantoms
  4 ice beasts
  8 boggarts
  13 ogres
  7 centaurs
  12 wolves
  10 crocodiles
  2 big kobolds
  32 bullfrogs
  2 wyvern zombies
  2 gnoll sergeants
  2 wyvern skeletons
  Dowan (D:4)
  3 scorpions
  3 killer bees (D:12)
  14 electric eels
  13 wights
  9 crimson imps
  A quasit (D:11)
  8 hounds
  28 orc priests
  8 jellies
  28 orc wizards
  2 bullfrog skeletons
  2 bullfrog zombies
  4 centaur skeletons
  Ijyb (D:5)
  3 iguanas
  7 worker ants
  A killer bee zombie (D:7)
  2 hound skeletons
  Robin (D:2)
  19 gnolls
  A howler monkey skeleton (D:6)
  13 adders
  4 shadow imps
  An adder zombie (D:9)
  An adder skeleton (D:7)
  4 worms
  The ghost of emperorscorpion the Sneak, a weakling FoAs (D:15)
  2 dart slugs
  2 leopard geckos (D:6)
  98 orcs
  2 ball pythons
  7 giant cockroaches
  19 goblins
  15 hobgoblins
  13 jackals
  29 kobolds
  6 quokkas
  10 bats
  3 frilled lizards
  6 rats
  3 tentacles (Shoals:3)
1008 creatures vanquished.

Vanquished Creatures (collateral kills)
  A merfolk impaler (Shoals:3)
  A hydra (D:14)
  A death yak (Lair:4)
  An orc knight (Orc:2)
  2 orb spiders (Spider:3)
  4 ugly things (D:14)
  A gargoyle (D:14)
  2 torpor snails
  A demonic crawler (Spider:3)
  2 merfolk (Shoals:3)
  A wind drake (Shoals:3)
  A snapping turtle (Shoals:3)
  A hippogriff (Lair:4)
  8 redbacks
  2 orc warriors (Orc:2)
  An ogre (Orc:2)
  An orc wizard (Orc:2)
  An orc priest (Orc:2)
  An orc (Orc:2)
  A goblin (D:14)
34 creatures vanquished.

Vanquished Creatures (others)
  A demonic crawler (Spider:3)
  A redback (Spider:3)
  2 bushes (Lair:6)
  25 fungi (Lair:6)
  50 plants
  12 tentacles (Shoals:3)
91 creatures vanquished.

Grand Total: 1133 creatures vanquished

Notes
Turn   | Place    | Note
-------+----------+-------------------------------------------
     0 | D:1      | emperorscorpion the Draconian Berserker began the quest for the Orb.
     0 | D:1      | Reached XP level 1. HP: 19/19 MP: 1/1
   173 | D:1      | Reached XP level 2. HP: 25/26 MP: 2/2
   474 | D:1      | Reached ** piety under Trog
   769 | D:1      | Reached XP level 3. HP: 31/33 MP: 3/3
   879 | D:2      | Noticed Robin
  1685 | D:2      | Killed Robin
  1685 | D:2      | Reached skill level 4 in Fighting
  1685 | D:2      | Reached XP level 4. HP: 40/40 MP: 4/4
  2178 | D:3      | Found an opulent altar of Gozag.
  2181 | D:3      | Found a shimmering altar of Xom.
  2184 | D:3      | Found a glowing silver altar of Zin.
  2187 | D:3      | Found a deep blue altar of Sif Muna.
  2326 | D:3      | Reached *** piety under Trog
  2428 | D:3      | Found a transporter.
  2428 | D:3      | Noticed a phantom
  2432 | D:3      | Reached XP level 5. HP: 46/46 MP: 5/5
  2438 | D:3      | Found an iron altar of Okawaru.
  2517 | D:3      | Found a transporter.
  2699 | D:3      | Noticed CapnJeff's ghost (amateur DrTm)
  2750 | D:3      | Killed CapnJeff's ghost
  2750 | D:3      | Reached skill level 5 in Long Blades
  2750 | D:3      | Reached skill level 1 in Stealth
  2750 | D:3      | Reached XP level 6. HP: 53/53 MP: 6/6
  3487 | D:4      | Noticed Dowan
  3502 | D:4      | Killed Dowan
  3502 | D:4      | Noticed Duvessa
  3771 | D:4      | Killed Duvessa
  3804 | D:4      | Found a blossoming altar of Fedhas.
  3872 | D:4      | Found a white marble altar of Elyvilon.
  3941 | D:4      | Noticed Edmund
  3951 | D:4      | Killed Edmund
  3951 | D:4      | Your scales start taking on a fiery red colour.
  3951 | D:4      | Reached XP level 7. HP: 60/60 MP: 7/7
  3951 | D:4      | Gained mutation: Your flesh is heat resistant. (rF+) [Red Draconian growth]
  3976 | D:4      | Noticed Pikel
  4002 | D:4      | Killed Pikel
  4002 | D:4      | Reached skill level 5 in Fighting
  4002 | D:4      | Reached XP level 8. HP: 68/68 MP: 8/8
  4026 | D:4      | Got a steaming mace
  4027 | D:4      | Identified the +7 mace of the Mind {pain, rElec rPois rF+ Int-5} (You found it on level 4 of the Dungeon)
  4186 | D:4      | Found the +3 salamander hide armour {+Rage rF++}
  4331 | D:4      | Found a bloodstained altar of Trog.
  4533 | D:4      | Found a hide-covered altar of Uskayaw.
  4578 | D:5      | Entered Level 5 of the Dungeon
  4589 | D:5      | Noticed Ijyb
  4609 | D:5      | Killed Ijyb
  4636 | D:5      | Reached skill level 5 in Dodging
  4668 | D:5      | Noticed Sigmund
  4670 | D:5      | Killed Sigmund
  5113 | D:5      | Found a shadowy altar of Dithmenos.
  5602 | D:5      | Noticed Prince Ribbit
  5614 | D:5      | Killed Prince Ribbit
  5640 | D:5      | Reached **** piety under Trog
  5940 | D:6      | Reached skill level 6 in Fighting
  5940 | D:6      | Reached XP level 9. HP: 33/75 MP: 9/9
  6154 | D:6      | Found a staircase to the Ecumenical Temple.
  6163 | D:5      | Found a hide-covered altar of Uskayaw.
  6731 | D:6      | Found an ornate altar of the Wu Jian Council.
  6932 | D:3      | Received a gift from Trog
  7195 | D:7      | Found Noemavom's Distillery.
  7203 | D:7      | Bought a potion of curing for 39 gold pieces
  7203 | D:7      | Bought a potion of haste for 130 gold pieces
  7203 | D:7      | Bought a potion of invisibility for 104 gold pieces
  7203 | D:7      | Bought a potion of resistance for 130 gold pieces
  7219 | D:7      | Found a snail-covered altar of Cheibriados.
  7400 | D:7      | Reached skill level 10 in Long Blades
  8037 | D:8      | Reached skill level 7 in Fighting
  8147 | D:8      | Found a staircase to the Lair.
  8367 | D:8      | Reached XP level 10. HP: 78/86 MP: 10/10
  8764 | D:8      | Found Wehu Mok's Jewellery Boutique.
  8811 | D:9      | Found Foti's Food Emporium.
  9019 | D:9      | Found a shattered altar of Ashenzari.
  9038 | D:9      | Reached ***** piety under Trog
  9736 | D:9      | Noticed a two-headed ogre
  9770 | D:9      | Killed a two-headed ogre
  9963 | D:9      | Noticed a two-headed ogre
  9980 | D:9      | Killed a two-headed ogre
  9980 | D:9      | Reached skill level 8 in Fighting
 10402 | D:10     | Entered Level 10 of the Dungeon
 10434 | D:10     | Got a fine hunting sling
 10441 | D:10     | Identified the +5 hunting sling "Demonslayer" {velocity, *Slow Str+8 Int-3 Stlth+} (You found it on level 10 of the Dungeon)
 10448 | D:10     | Noticed a two-headed ogre
 10460 | D:10     | Killed a two-headed ogre
 10460 | D:10     | Reached skill level 5 in Stealth
 10512 | D:10     | Noticed a gargoyle
 10528 | D:10     | Killed a gargoyle
 10528 | D:10     | Reached XP level 11. HP: 86/95 MP: 11/11
 10913 | D:10     | Reached skill level 1 in Slings
 11600 | D:10     | Noticed Urug
 11634 | D:10     | Killed Urug
 11657 | D:10     | Reached skill level 9 in Fighting
 11673 | D:10     | Killed an unseen horror
 12213 | D:11     | Killed an unseen horror
 12434 | D:11     | Found a staircase to the Orcish Mines.
 12437 | D:11     | Found Nucs's Weapon Emporium.
 12499 | D:11     | Received a gift from Trog
 12826 | D:11     | Noticed a two-headed ogre
 12828 | D:11     | Noticed a two-headed ogre
 12837 | D:11     | Killed a two-headed ogre
 12837 | D:11     | Reached skill level 1 in Throwing
 12840 | D:11     | Killed a two-headed ogre
 13298 | D:11     | Noticed a brown ugly thing
 13307 | D:11     | Killed a brown ugly thing
 13307 | D:11     | Reached XP level 12. HP: 106/106 MP: 12/12
 13768 | D:12     | Reached skill level 10 in Fighting
 14017 | D:12     | Received a gift from Trog
 14980 | D:13     | Noticed a centaur warrior
 14989 | D:13     | Noticed a two-headed ogre
 15259 | Orc:1    | Entered Level 1 of the Orcish Mines
 15742 | Orc:2    | Entered Level 2 of the Orcish Mines
 16200 | Orc:2    | Noticed an orc warlord
 16245 | Orc:2    | Killed an orc warlord
 16245 | Orc:2    | Reached ****** piety under Trog
 16262 | Orc:2    | Received a gift from Trog
 16272 | Orc:2    | Got a twisted hunting sling {god gift}
 16273 | Orc:2    | Identified the +2 hunting sling of Premature Burial {venom, rC- Dex+3 Stlth+} (Trog gifted it to you on level 2 of the Orcish Mines)
 16554 | Orc:2    | Noticed an orc high priest
 16674 | Orc:1    | Reached skill level 1 in Shields
 16723 | Orc:2    | Killed an orc high priest
 16723 | Orc:2    | Reached skill level 11 in Fighting
 17022 | Orc:2    | Found a staircase to the Elven Halls.
 17309 | Orc:2    | Found a roughly hewn altar of Beogh.
 17310 | Orc:2    | Found Biogu's Magic Scroll Boutique.
 17318 | Orc:2    | Received a gift from Trog
 17333 | Orc:2    | Got a fine hunting sling {god gift}
 17334 | Orc:2    | Identified the +10 hunting sling "Ylebuek" {flame, rF- rN+++ Int+2 Dex+2} (Trog gifted it to you on level 2 of the Orcish Mines)
 17348 | Orc:2    | Bought a scroll of silence for 82 gold pieces
 17391 | Orc:2    | Found a roughly hewn altar of Beogh.
 17392 | Orc:2    | Found Keynus's Gadget Boutique.
 17419 | Orc:2    | Reached skill level 10 in Dodging
 17769 | D:8      | Bought the amulet of Regryule {Acrobat +Blink +Fly rN+ Dex+6} for 629 gold pieces
 17893 | Orc:2    | Found a roughly hewn altar of Beogh.
 18116 | Orc:2    | Noticed an orc high priest
 18121 | Orc:2    | Found Adghol's Antique Weapon Shoppe.
 18121 | Orc:2    | Found a roughly hewn altar of Beogh.
 18126 | Orc:2    | Killed an orc high priest
 18126 | Orc:2    | Reached XP level 13. HP: 116/116 MP: 13/13
 18137 | Orc:2    | Found Jipiruw's Antique Armour Emporium.
 18158 | Orc:2    | Bought a pair of runed boots for 225 gold pieces
 18169 | Orc:2    | Bought a warped short sword for 208 gold pieces
 18169 | Orc:2    | Identified the cursed +1 short sword "Xeocu" {venom, *Slow Fragile MR++ Int+5} (You bought it in a shop on level 2 of the Orcish Mines)
 18206 | Orc:2    | Found a roughly hewn altar of Beogh.
 18330 | Lair:1   | Entered Level 1 of the Lair of Beasts
 19751 | Lair:2   | Found a hole to the Spider Nest.
 20810 | Lair:4   | Reached skill level 5 in Shields
 20821 | Lair:4   | Reached skill level 12 in Fighting
 21143 | Lair:4   | Found a staircase to the Shoals.
 21507 | Lair:5   | Found a staircase to the Slime Pits.
 21518 | Lair:5   | Received a gift from Trog
 22740 | Lair:6   | Entered Level 6 of the Lair of Beasts
 23147 | Lair:5   | Reached XP level 14. HP: 112/127 MP: 14/14
 23372 | Lair:6   | Received a gift from Trog
 23551 | Lair:6   | Reached skill level 13 in Fighting
 26575 | D:13     | Reached skill level 14 in Fighting
 26822 | D:13     | Reached skill level 1 in Evocations
 26827 | D:13     | Received a gift from Trog
 26995 | D:13     | Identified the +8 scimitar of Hell's Wrath {slice, Str+4} (Trog gifted it to you on level 13 of the Dungeon)
 27035 | D:13     | Reached skill level 10 in Shields
 27530 | D:13     | Found a gate to the Vaults.
 27565 | D:13     | Reached XP level 15. HP: 139/139 MP: 15/15
 27869 | D:14     | HP: 4/139 [orc priest/divine providence (12)]
 28288 | D:14     | Found a flagged portal.
 28330 | Bailey   | Entered a bailey
 28347 | Bailey   | Noticed an orc warlord
 28502 | Bailey   | Found a runed gate.
 28502 | Bailey   | Found a runed gate.
 28502 | Bailey   | Found a runed gate.
 28610 | Bailey   | Received a gift from Trog
 28679 | Bailey   | Killed an orc warlord
 28700 | Bailey   | Identified a scroll of acquirement
 28704 | Bailey   | Got a pair of ancient boots
 28715 | Bailey   | Identified the +0 pair of boots of Lifelessness {rElec Regen+ Int+4} (You acquired it in a bailey)
 29147 | D:14     | Found a runed door.
 29148 | D:14     | Found a runed door.
 29149 | D:14     | Found the +2 shield of Resistance {rF+ rC+ MR+}
 29255 | D:14     | Reached skill level 1 in Maces & Flails
 29255 | D:14     | Reached skill level 1 in Unarmed Combat
 29255 | D:14     | Reached XP level 16. HP: 147/147 MP: 15/17
 29283 | D:14     | Reached skill level 15 in Fighting
 29703 | D:15     | Entered Level 15 of the Dungeon
 29704 | D:15     | Noticed emperorscorpion's ghost (weakling FoAs)
 29710 | D:15     | Killed emperorscorpion's ghost
 30067 | D:15     | Found the +7 great mace "Firestarter" {inner flame, rF++}
 30196 | D:15     | Received a gift from Trog
 30876 | D:15     | Found a staircase to the Depths.
 31252 | Spider:1 | Entered Level 1 of the Spider Nest
 31300 | Spider:1 | Received a gift from Trog
 32194 | Spider:1 | Reached XP level 17. HP: 93/156 MP: 18/18
 32658 | Spider:2 | You fall through a shaft!
 33026 | Spider:4 | Entered Level 4 of the Spider Nest
 33437 | Spider:4 | Received a gift from Trog
 34040 | Spider:4 | Received a gift from Trog
 34355 | Spider:4 | Got a gossamer rune of Zot
 34554 | Shoals:1 | Entered Level 1 of the Shoals
 34603 | Shoals:2 | Received a gift from Trog
 34830 | Shoals:3 | Reached skill level 15 in Shields
 34964 | Shoals:3 | Noticed a kraken
 35002 | Shoals:3 | Killed a kraken
 35271 | Shoals:3 | Reached skill level 16 in Fighting
 35327 | Shoals:3 | Shot with a sling bullet by a satyr

Vault maps used:
D:1:      dpeg_arrival_connections
D:2:      serial_park_tiny_2, uniq_robin
D:3:      gammafunk_temple_overflow_arena, grunt_temple_overflow_cloverleaf
D:4:      marbit_many_paths, lemuel_crystal_altar, kennysheep_little_box,
          nicolae_overflow_crystal_walls, uniq_pikel, uniq_duvessa, uniq_edmund
D:5:      lemuel_upstairs_altar, nicolae_dithmenos_through_a_glass_darkly,
          first_ration, uniq_prince_ribbit1, uniq_sigmund, uniq_ijyb
D:6:      lemuel_doored_altar, minmay_temple_entry_glass, minmay_ruffians
D:7:      basic_altar, serial_shops, shop_statue
D:8:      erik_lair_orcish_takeover, serial_shops, nicolae_shop_behind_doors
D:9:      cheibrodos_ashenzari_chains, serial_shops, shop_statue
D:10:     uniq_urug
D:11:     orc_david_3, the_bakery, mrwooster_statue_mirror, minivault_4
D:13:     grunt_vaults_entry_tiered, spider_trap
D:14:     serial_park_tiny_1, enter_bailey_3, minmay_guarded_unrand_resistance
D:15:     grunt_enter_depths_magical_seal, minmay_misc_feat_room
Lair:1:   cheibrodos_lair_lostbears
Lair:2:   spider_nest_entry_web_field
Lair:4:   minmay_shoals_entry_lonely_mermaid
Lair:5:   minmay_slime_entry_pillars, serial_bayou_lagoon_b
Lair:6:   minmay_lair_end_frog_pond
Shoals:2: nicolae_shoals_this_corrosion
Shoals:3: wheals_shoals_ruined_temple
Spider:1: nicolae_crawler_farm
Spider:2: uniq_roxanne, uniq_louise, uniq_agnes
Spider:3: portal_ice_cave_entry_dragon
Spider:4: spider_rune_water, spider_trap
Orc:2:    grunt_orc_community_town_hall, grunt_orc_community_big_house_1,
          grunt_orc_community_big_house_1, grunt_orc_community_house_2,
          grunt_orc_community_house_1, grunt_orc_community_house_1,
          grunt_orc_community_house_2
Bailey:   bailey_axe_bossmonster_kennysheep, bailey

Skill      XL: |  1  2  3  4  5  6  7  8  9 10 11 12 13 14 15 16 17 |
---------------+----------------------------------------------------+-----
Dodging        | 3 4 5 6 7 9 10 11 12 13 | 13.9
Fighting       | 4 5 6 7 8 9 11 12 14 15 16 | 16.0
Long Blades    | 4 5 6 7 8 10 12 13 14 | 14.6
Stealth        | 1 2 3 4 5 6 7 8 9 |  9.0
Slings         | 2 |  2.5
Throwing       | 1 2 |  2.1
Shields        | 2 7 10 11 13 15 | 15.0
Evocations     | 1 2 |  2.5
Maces & Flails | 1 |  1.5
Unarmed Combat | 1 |  1.7

Action                   |  1- 3 |  4- 6 |  7- 9 | 10-12 | 13-15 | 16-18 || total
-------------------------+-------+-------+-------+-------+-------+-------++-------
Melee: Falchion          |   116 |   127 |   382 |   291 |    93 |  1333 ||  2342
       Tailslap          |     9 |    16 |    80 |   179 |   253 |   423 ||   960
       Long sword        |       |       |       |    88 |       |       ||    88
       Demon blade       |       |       |       |   411 |   978 |       ||  1389
 Fire: Hunting sling     |       |       |       |    14 |       |       ||    14
Throw: Stone             |       |     1 |     1 |       |       |       ||     2
       Javelin           |       |       |     2 |    15 |    29 |    63 ||   109
Invok: Berserk           |     3 |     8 |     3 |    15 |     8 |     3 ||    40
       Trog's Hand       |       |       |       |     2 |     1 |       ||     3
       Brothers in Arms  |       |       |       |     1 |     2 |     4 ||     7
 Abil: Breathe Fire      |       |       |    30 |    56 |    67 |    49 ||   202
       Evoke Flight      |       |       |       |       |       |     1 ||     1
Evoke: Wand              |       |       |       |       |     4 |    10 ||    14
       Lamp of fire      |       |       |       |       |     2 |     1 ||     3
  Use: Scroll            |       |       |     8 |    11 |    13 |     7 ||    39
       Potion            |       |       |       |     2 |     2 |     7 ||    11
 Stab: Sleeping          |       |     2 |     4 |     7 |     8 |     8 ||    29
       Distracted        |       |       |       |     2 |     3 |       ||     5
       Invisible         |       |       |       |       |       |    22 ||    22
  Eat: Chunk             |     5 |    14 |    20 |    45 |    46 |    35 ||   165
       Ration            |       |       |     1 |     3 |     5 |       ||     9
Armor: Skin              |    48 |    29 |    51 |   107 |   111 |   198 ||   544
Dodge: Dodged            |    95 |    88 |   288 |   575 |   694 |  1304 ||  3044
Block: Shield            |       |       |       |    60 |   475 |  1136 ||  1671
       Rpst.: Falchion   |    32 |    31 |    83 |    55 |    12 |   194 ||   407
       Long sword        |       |       |       |    20 |       |       ||    20
       Demon blade       |       |       |       |    70 |   156 |       ||   226

Table legend:
 A = Spawn XP
 B = Non-spawn XP
 C = Spawn XP percentage of total XP
 D = Spawn monster count
 E = Non-spawn monster count
 F = Spawn count percentage of total count
 G = Total turns spent on level
                    A         B        C        D         E        F      G
               +---------+---------+-------+---------+---------+-------+---------
         Total |       0 |  218694 |   0.0 |       0 |    1039 |   0.0 | 35327
               +---------+---------+-------+---------+---------+-------+---------
           D:1 |       0 |      58 |   0.0 |       0 |      32 |   0.0 |  1274
           D:2 |       0 |     105 |   0.0 |       0 |      29 |   0.0 |   821
           D:3 |       0 |     471 |   0.0 |       0 |      26 |   0.0 |  1724
           D:4 |       0 |    1020 |   0.0 |       0 |       9 |   0.0 |   894
           D:5 |       0 |    1275 |   0.0 |       0 |      32 |   0.0 |  1307
           D:6 |       0 |    1298 |   0.0 |       0 |      22 |   0.0 |  1036
           D:7 |       0 |     555 |   0.0 |       0 |      14 |   0.0 |   951
           D:8 |       0 |    1007 |   0.0 |       0 |      14 |   0.0 |   944
           D:9 |       0 |    3710 |   0.0 |       0 |      45 |   0.0 |  1681
          D:10 |       0 |    5725 |   0.0 |       0 |      38 |   0.0 |  1860
          D:11 |       0 |    6970 |   0.0 |       0 |      52 |   0.0 |  1729
          D:12 |       0 |    4500 |   0.0 |       0 |      33 |   0.0 |  2432
          D:13 |       0 |   17730 |   0.0 |       0 |      63 |   0.0 |  1412
          D:14 |       0 |   21092 |   0.0 |       0 |      59 |   0.0 |  1668
          D:15 |       0 |   16730 |   0.0 |       0 |      50 |   0.0 |  1369
        Lair:1 |       0 |    5293 |   0.0 |       0 |      29 |   0.0 |  1016
        Lair:2 |       0 |    2270 |   0.0 |       0 |      12 |   0.0 |   847
        Lair:3 |       0 |    2540 |   0.0 |       0 |      15 |   0.0 |   523
        Lair:4 |       0 |    3043 |   0.0 |       0 |      11 |   0.0 |   987
        Lair:5 |       0 |   11847 |   0.0 |       0 |      40 |   0.0 |  1821
        Lair:6 |       0 |   22018 |   0.0 |       0 |      72 |   0.0 |  1753
      Shoals:2 |       0 |    2596 |   0.0 |       0 |       6 |   0.0 |   170
      Shoals:3 |       0 |   12224 |   0.0 |       0 |      24 |   0.0 |   600
      Spider:1 |       0 |   19348 |   0.0 |       0 |      53 |   0.0 |  1314
      Spider:2 |       0 |    2210 |   0.0 |       0 |       5 |   0.0 |   170
      Spider:3 |       0 |   17102 |   0.0 |       0 |      52 |   0.0 |   395
      Spider:4 |       0 |   21588 |   0.0 |       0 |      62 |   0.0 |  1361
         Orc:1 |       0 |    2228 |   0.0 |       0 |      14 |   0.0 |   944
         Orc:2 |       0 |    9914 |   0.0 |       0 |      99 |   0.0 |  1851
        Bailey |       0 |    2227 |   0.0 |       0 |      27 |   0.0 |   470
               +---------+---------+-------+---------+---------+-------+---------
